 Dungeon Crawl Stone Soup version 0.25-a0-857-g60a0bcd8b5 (webtiles) character file.

Game seed: 9326074947961772288, levelgen mode: deterministic

10658 sanka the Fighter (level 11, -3/95 HPs)
             Began as a Barachi Ice Elementalist on Apr 26, 2020.
             Was a Believer of Ashenzari.
             Killed from afar by Josephine (26 damage)
             ... with a ghostly fireball
             ... on level 11 of the Dungeon.
             The game lasted 00:29:41 (11206 turns).

sanka the Fighter (Barachi Ice Elementalist)       Turns: 11206, Time: 00:29:41

Health: -3/95      AC: 10    Str:  9    XL:     11   Next: 65%
Magic:  0/30       EV: 16    Int: 25    God:    Ashenzari [**....]
Gold:   800        SH:  0    Dex: 12    Spells: 9/24 levels left

rFire    . . .     SeeInvis .   A - +2 halberd (venom) (curse)
rCold    . . .     Gourm    .   (shield currently unavailable)
rNeg     . . .     Faith    .   g - +0 robe
rPois    +         Spirit   +   (no helmet)
rElec    .         Reflect  .   p - scarf {Spirit}
rCorr    .         Harm     .   z - +0 pair of gloves
MR       .....                  (no boots)
Stlth    +.........             t - amulet of magic regeneration
HPRegen  0.25/turn              u - ring of magical power
MPRegen  0.47/turn              J - +5 ring of intelligence

@: icy armour, heavily drained, slow
A: +LOS, swims, poison resistance, slowness 1, MP-powered wands, strong legs 1
a: Hop, Curse Item, Scrying, Renounce Religion


You were on level 11 of the Dungeon.
You worshipped Ashenzari.
Ashenzari was pleased with you.
You were hungry.

You visited 1 branch of the dungeon, and saw 11 of its levels.

You collected 968 gold pieces.
You spent 168 gold pieces at shops.


Innate Abilities, Weirdness & Mutations

You can be seen from farther away. (+LOS)
You can swim through water.
You cover ground slowly.
You can hop short distances.
Your system is resistant to poisons. (rPois)
You expend magic power (3 MP) to strengthen your wands.


   Skills:
 * Level 11.8(9.3) Fighting
 * Level 11.1(8.7) Dodging
 - Level 1.7(0.0) Stealth
 - Level 7.0(4.8) Spellcasting
 - Level 4.0(2.0) Conjurations
 - Level 4.0(2.0) Summonings
 - Level 10.0(7.6) Ice Magic


You had 9 spell levels left.
You knew the following spells:

 Your Spells              Type           Power        Failure   Level  Hunger
a - Ozocubu's Armour      Chrm/Ice       ####....     5%          3    ##.....
u - Hailstorm             Conj/Ice       ####....     12%         4    ####...
x - Summon Ice Beast      Ice/Summ       ####....     12%         4    ####...
y - Frozen Ramparts       Ice            #####.       1%          3    ##.....
z - Freeze                Ice            ####         1%          1    None

Your spell library contained the following spells:

 Spells                   Type           Power        Failure   Level  Hunger
 Summon Butterflies       Summ           ###.....     3%          1    None
 Beastly Appendage        Tmut           #.....       9%          1    None
 Call Canine Familiar     Summ           ###.....     11%         3    ##.....
 Sticks to Snakes         Tmut           #.......     13%         2    None
 Ice Form                 Ice/Tmut       ####....     17%         4    ####...
 Spider Form              Tmut/Pois      #.........   26%         3    ##.....
 Summon Mana Viper        Hex/Summ       ##......     83%         5    #####..
 Blade Hands              Tmut           #.........   93%         5    #####..
 Summon Hydra             Summ           ###.......   100%        7    #######

Inventory:

Hand Weapons
 a - a +3 hand axe
 b - the +9 hunting sling "Idi Byrgh" {speed, rPois rN++ Int-5} Attacks with this weapon are significantly faster. It affects your intelligence (-5). It protects you from poison. It greatly protects you from negative energy.
 d - a +0 dagger
 f - a +4 quarterstaff of chaos
 r - a +0 quarterstaff
 y - a +0 halberd
 A - a cursed +2 halberd of venom (weapon)
 L - the +9 longbow of Innoiq {freeze, rElec rF- Int+2 Stlth+}

   It causes projectiles fired from it to freeze those they strike, causing
   extra injury to most foes and up to half again as much damage against
   particularly susceptible opponents.
   They can also slow down cold-blooded creatures.
   It affects your intelligence (+2).
   It makes you vulnerable to fire.
   It insulates you from electricity.
   It makes you more stealthy.
Missiles
 e - 196 stones (quivered)
 h - a throwing net {=f}
 n - 80 sling bullets
Armour
 g - a +0 robe (worn)
 p - a scarf of spirit shield (worn)
 w - a +1 cloak
 z - a +0 pair of gloves (worn)
 E - a +0 robe of magic resistance
 R - a cursed +0 helmet
Magical Staves
 V - an uncursed staff of conjuration {!a}
Jewellery
 l - an uncursed amulet of rage
 t - an amulet of magic regeneration (around neck)
 u - a ring of magical power (left hand)
 J - a +5 ring of intelligence (right hand)
Wands
 x - a wand of flame (14)
 F - a wand of enslavement (14)
 U - a wand of disintegration (23)
 W - a wand of paralysis (4)
Scrolls
 i - 5 scrolls of fear
 j - 6 scrolls of teleportation {@r4}
 k - a scroll of fog
 m - 2 scrolls of blinking
 o - a scroll of magic mapping {unknown}
 s - 3 scrolls of amnesia
 B - 2 scrolls of silence {!r}
 G - a scroll of enchant armour
 I - a scroll of remove curse
 M - 2 scrolls of immolation {!r}
Potions
 q - a potion of mutation {!q}
 v - a potion of berserk rage {!q}
 C - 6 potions of curing {@q1}
 D - 2 potions of magic
 H - 3 potions of degeneration {unknown}
 K - a potion of invisibility {unknown}
 N - a potion of ambrosia {unknown}
 O - a potion of stabbing
 P - 2 potions of haste {unknown}
 Q - 2 potions of might
 S - 2 potions of resistance {unknown}
Miscellaneous
 T - a box of beasts
Comestibles
 c - 9 rations

Dungeon Overview and Level Annotations

Branches:
Dungeon (11/15)            Temple (0/1) D:6            Lair (0/6) D:10
    Orc: D:9-12

Altars:
Ashenzari
Dithmenos
Fedhas
Hepliaklqana
Kikubaaqudgha
Makhleb
Nemelex Xobeh
Okawaru
Qazlal
Ru
Vehumet
Wu Jian
Yredelemnul
The Shining One

Shops:
D:11 !%:

Portals:
Trove: D:10 (give 9 potions of haste)

Annotations:
D:11 Josephine

▒.▒ ▒▒▒▒▒▒.▒
.)...▒.▒▒▒▒▒
.▒▒▒.▒.▒...▒
.).).......▒
▒▒▒▒.......▒
..........▒▒▒▒▒▒▒▒
▒▒▒▒▒...▒........▒
▒▒.▒▒▒▒▒▒▒▒▒F▒ ▒.▒
▒@▒ ▒.▒ ▒W▒ ▒+▒
▒W▒ ,, ▒o▒ ░ ,
▒W., ░ ,░ ▒.▒░,░ ░
, , ... ░ , ... ░


You could see Josephine, 3 wraiths and an orc.


Message History

Aim: Josephine, wielding a +0 dagger and wearing a +0 robe (almost dead, very poisoned)
You freeze Josephine.
Josephine is almost dead.
Josephine is infused with unholy energy.
* * * LOW HITPOINT WARNING * * *
Josephine draws life force from you and is healed!
Unknown command.
Aiming: Freeze (safe; 1% risk of failure)
Aim: Josephine, wielding a +0 dagger and wearing a +0 robe (almost dead, very poisoned)
You freeze Josephine.
Josephine is almost dead.
Josephine hits you but does no damage.
Unknown command.
Aiming: Freeze (safe; 1% risk of failure)
Aim: Josephine, wielding a +0 dagger and wearing a +0 robe (almost dead, poisoned)
You freeze Josephine.
Josephine is almost dead.
Josephine is infused with unholy energy.
* * * LOW HITPOINT WARNING * * *
Josephine draws life force from you and is healed!
Unknown command.
Aiming: Freeze (safe; 1% risk of failure)
Aim: Josephine, wielding a +0 dagger and wearing a +0 robe (severely wounded, poisoned)
You freeze Josephine.
Josephine is almost dead.
Josephine casts a spell at you.
The ghostly flame explodes!
The ghostly fireball engulfs you!!
You feel drained.
You die...

Action                   |  1- 3 |  4- 6 |  7- 9 | 10-12 || total
-------------------------+-------+-------+-------+-------++-------
Melee: Unarmed           |     3 |       |       |       ||     3
       Hand axe          |    13 |     4 |       |       ||    17
       Halberd           |       |     2 |    84 |   174 ||   260
 Cast: Freeze            |    46 |    61 |   106 |   129 ||   342
       Frozen Ramparts   |       |     6 |    20 |    19 ||    45
       Ozocubu's Armour  |       |     2 |    20 |    25 ||    47
       Summon Ice Beast  |       |       |     7 |     2 ||     9
       Hailstorm         |       |       |       |     2 ||     2
Invok: Curse Item        |       |       |     1 |       ||     1
Evoke: Wand              |       |       |       |     6 ||     6
  Use: Potion            |       |     4 |     1 |       ||     5
       Scroll            |       |       |     5 |     6 ||    11
 Stab: Sleeping          |     1 |       |     6 |     6 ||    13
  Eat: Chunk             |     4 |     6 |    13 |    10 ||    33
       Ration            |       |       |     1 |     2 ||     3
Armor: Robe              |     6 |    14 |    51 |    84 ||   155
Dodge: Dodged            |    31 |    43 |   137 |   302 ||   513

Levels and vault maps discovered:
D:1:      scummos_arrival_simple_crosswalls, layout_basic
D:2:      layout_loops_ring, lemuel_crystal_altar,
          nicolae_overflow_hidden_temple, chequers_ecumenical_altar_island,
          minmay_misc_feat_more_columns, minmay_strange_pillars, fedhas_altar_3
D:3:      layout_rooms, nicolae_ru_awakened_eye, uniq_jessica
D:4:      layout_cave_pools, nicolae_overflow_crystal_walls, first_ration,
          uniq_crazy_yiuf_cottage, uniq_blork_the_orc, uniq_sigmund
D:5:      layout_loops_ring, kennysheep_little_box, uniq_menkaure
D:6:      cheibrodos_fzero, layout_basic, nicolae_qazlal_general_emergency,
          minmay_temple_entry_overgrown
D:7:      kennysheep_windowed_halls, layout_cave_pools
D:8:      layout_basic, grunt_temple_overflow_open
D:9:      layout_roguey, riverfiend_overflow_shadow_ancestor
D:10:     layout_rooms, erik_lair_island, enter_trove_6, uniq_psyche
D:11:     layout_loops_corners, serial_shops, shop, shop,
          nicolae_shop_waterfront, shop, uniq_josephine

Notes
Turn   | Place    | Note
-------+----------+-------------------------------------------
     0 | D:1      | sanka the Barachi Ice Elementalist began the quest for the
                  | Orb.
     0 | D:1      | Reached XP level 1. HP: 13/13 MP: 3/3
   258 | D:1      | Reached XP level 2. HP: 18/19 MP: 1/5
   410 | D:1      | Reached skill level 3 in Spellcasting
  1292 | D:2      | Reached XP level 3. HP: 23/24 MP: 4/8
  1332 | D:2      | Learned a level 3 spell: Frozen Ramparts
  1336 | D:2      | Learned a level 3 spell: Ozocubu's Armour
  1359 | D:2      | Found a blossoming altar of Fedhas.
  1377 | D:2      | Found a faded altar of an unknown god.
  1393 | D:2      | Reached skill level 5 in Ice Magic
  1902 | D:2      | Found a shattered altar of Ashenzari.
  2052 | D:2      | Reached XP level 4. HP: 30/30 MP: 6/9
  2186 | D:2      | Reached skill level 4 in Spellcasting
  2195 | D:2      | Learned a level 4 spell: Summon Ice Beast
  2350 | D:2      | Found a burning altar of Makhleb.
  2371 | D:2      | Became a worshipper of Ashenzari the Shackled
  2419 | D:3      | Reached skill level 1 in Summonings
  2687 | D:3      | Reached skill level 6 in Ice Magic
  2691 | D:3      | Reached XP level 5. HP: 26/35 MP: 0/11
  2692 | D:3      | Reached skill level 2 in Summonings
  2956 | D:3      | Noticed Jessica
  2965 | D:3      | Killed Jessica
  2965 | D:3      | Reached skill level 3 in Summonings
  3071 | D:3      | Reached XP level 6. HP: 18/41 MP: 9/12
  3421 | D:3      | Found a sacrificial altar of Ru.
  3554 | D:4      | Noticed Blork the orc
  3569 | D:4      | Killed Blork the orc
  3569 | D:4      | Reached skill level 4 in Summonings
  3578 | D:4      | Gained mutation: Your body sometimes deteriorates upon
                  | taking damage. [potion of mutation]
  3578 | D:4      | Lost mutation: Your body sometimes deteriorates upon taking
                  | damage. [potion of mutation]
  3578 | D:4      | Gained mutation: You expend magic power (3 MP) to
                  | strengthen your wands. [potion of mutation]
  3578 | D:4      | Gained mutation: Your system is resistant to poisons.
                  | (rPois) [potion of mutation]
  3594 | D:4      | HP: 6/61 [poisoned by Blork the orc]
  3602 | D:4      | HP: 6/61 [poisoned by Blork the orc]
  3922 | D:4      | Noticed Sigmund
  3924 | D:4      | Noticed a phantom
  3937 | D:4      | Killed Sigmund
  3937 | D:4      | Reached skill level 7 in Ice Magic
  3937 | D:4      | Reached XP level 7. HP: 36/46 MP: 13/13
  4194 | D:4      | Reached skill level 5 in Spellcasting
  4370 | D:4      | Found a basalt altar of Yredelemnul.
  4439 | D:4      | Reached skill level 8 in Ice Magic
  4464 | D:4      | Found a runed translucent door.
  4465 | D:4      | Noticed Crazy Yiuf
  4684 | D:4      | Killed Crazy Yiuf
  4813 | D:5      | Entered Level 5 of the Dungeon
  4900 | D:5      | Reached XP level 8. HP: 32/52 MP: 10/16
  5033 | D:5      | Found an ornate altar of the Wu Jian Council.
  5070 | D:5      | Noticed Menkaure
  5077 | D:5      | Killed Menkaure
  5077 | D:5      | Reached skill level 6 in Spellcasting
  5221 | D:5      | Noticed a hippogriff
  5229 | D:5      | Killed a hippogriff
  5229 | D:5      | Reached skill level 9 in Ice Magic
  5766 | D:6      | Reached skill level 7 in Spellcasting
  5773 | D:6      | Learned a level 4 spell: Hailstorm
  5823 | D:6      | Reached skill level 1 in Conjurations
  5832 | D:6      | Reached * piety under Ashenzari
  5844 | D:6      | Reached skill level 1 in Fighting
  5847 | D:6      | Reached skill level 3 in Dodging
  5847 | D:6      | Reached skill level 10 in Ice Magic
  5866 | D:6      | Identified the +5 ring mail of Trial and Error {Str-5 Dex+5
                  | Slay+3}
  5898 | D:6      | Reached skill level 2 in Fighting
  5898 | D:6      | Reached XP level 9. HP: 36/61 MP: 19/19
  5949 | D:6      | Reached skill level 2 in Conjurations
  6329 | D:6      | Reached skill level 3 in Fighting
  6345 | D:6      | Reached skill level 4 in Dodging
  6724 | D:6      | Found a stormy altar of Qazlal.
  6771 | D:6      | Found a staircase to the Ecumenical Temple.
  6779 | D:6      | Reached skill level 4 in Fighting
  6851 | D:7      | Identified the +9 hunting sling "Idi Byrgh" {speed, rPois
                  | rN++ Int-5}
  6883 | D:7      | Reached skill level 3 in Conjurations
  7038 | D:7      | Reached skill level 5 in Dodging
  7188 | D:7      | Noticed a hornet
  7198 | D:7      | Killed a hornet
  7198 | D:7      | Reached skill level 5 in Fighting
  7333 | D:7      | Identified the +9 longbow of Innoiq {freeze, rElec rF-
                  | Int+2 Stlth+}
  7364 | D:7      | Reached skill level 6 in Dodging
  7364 | D:7      | Reached skill level 4 in Conjurations
  7370 | D:7      | Reached skill level 6 in Fighting
  7572 | D:7      | Reached XP level 10. HP: 65/77 MP: 18/20
  7838 | D:8      | Reached skill level 7 in Fighting
  7838 | D:8      | Reached skill level 7 in Dodging
  7979 | D:8      | Found a radiant altar of Vehumet.
  8007 | D:8      | Found a sparkling altar of Nemelex Xobeh.
  8007 | D:8      | Found an iron altar of Okawaru.
  8008 | D:8      | Found an ancient bone altar of Kikubaaqudgha.
  8008 | D:8      | Found a glowing golden altar of the Shining One.
  8144 | D:8      | Reached ** piety under Ashenzari
  8616 | D:8      | Reached skill level 8 in Fighting
  8709 | D:9      | Reached skill level 8 in Dodging
  8959 | D:9      | Found a shadowy altar of Dithmenos.
  8960 | D:9      | Found a hazy altar of Hepliaklqana.
  9137 | D:9      | Reached skill level 9 in Fighting
  9384 | D:10     | Entered Level 10 of the Dungeon
  9402 | D:10     | Reached skill level 9 in Dodging
  9747 | D:10     | Killed an unseen horror
  9747 | D:10     | Reached skill level 10 in Fighting
  9747 | D:10     | Reached XP level 11. HP: 54/91 MP: 12/21
  9784 | D:10     | Reached skill level 10 in Dodging
 10010 | D:10     | Found a staircase to the Lair.
 10093 | D:10     | Noticed Psyche
 10103 | D:10     | Killed Psyche
 10103 | D:10     | Reached skill level 11 in Fighting
 10671 | D:10     | Found a portal to a secret trove of treasure.
 10811 | D:11     | Found Vilocvov's Food Boutique.
 10833 | D:11     | Found Cenocastru's Distillery.
 10839 | D:11     | Bought a potion of magic for 112 gold pieces
 10839 | D:11     | Bought a potion of might for 56 gold pieces
 10949 | D:11     | Found Lyloasu's Book Emporium.
 10995 | D:11     | Killed an unseen horror
 10995 | D:11     | Reached skill level 11 in Dodging
 11190 | D:11     | Noticed Josephine
 11206 | D:11     | Killed from afar by Josephine

Vanquished Creatures
  2 unseen horrors
  A gargoyle (D:11)
  Psyche (D:10)
  A troll (D:10)
  A hornet (D:7)
  2 hippogriffs
  A meliai zombie (D:10)
  Sigmund (D:4)
  8 yaks
  2 hungry ghosts
  2 water moccasins
  A soldier ant (D:6)
  2 sky beasts
  An ice beast (D:10)
  An orc warrior (D:6)
  An ogre (D:5)
  A black bear (D:10)
  6 wolves (D:10)
  11 centaurs
  A phantom (D:4)
  A necrophage (D:8)
  2 big kobolds (D:7)
  8 bullfrogs
  Blork the orc (D:4)
  A scorpion (D:9)
  20 killer bees
  5 wights
  3 howler monkeys
  4 electric eels (D:10)
  A jelly (D:7)
  7 crimson imps
  3 bullfrog skeletons
  A quasit (D:6)
  2 centaur zombies
  A bullfrog zombie (D:9)
  8 hounds
  4 orc wizards
  Crazy Yiuf (D:4)
  An orc priest (D:5)
  A centaur skeleton (D:9)
  Jessica (D:3)
  2 iguanas
  7 worker ants
  A hound zombie (D:10)
  A hound skeleton (D:6)
  A worker ant zombie (D:9)
  6 gnolls
  12 adders
  3 shadow imps
  An ooze (D:1)
  2 adder skeletons
  A worm (D:5)
  3 dart slugs
  7 leopard geckos
  19 orcs
  6 giant cockroaches
  7 goblins
  10 hobgoblins
  2 jackals (D:3)
  13 kobolds
  5 quokkas
  8 bats
  3 frilled lizards
  A giant cockroach zombie (D:6)
  3 quokka skeletons (D:4)
  3 rats
250 creatures vanquished.

Vanquished Creatures (collateral kills)
  A hungry ghost (D:7)
  Menkaure (D:5)
  A bullfrog (D:7)
  A bullfrog zombie (D:7)
4 creatures vanquished.

Grand Total: 254 creatures vanquished
